 Dungeon Crawl Stone Soup version 0.28.0-49-g6dfe1f597d (console) character file.

Game seed: 446023745865525795

106 Faeu the Skirmisher (level 4, 0/41 HPs)
             Began as a Minotaur Berserker on May 15, 2022.
             Was a Believer of Trog.
             Succumbed to an orc's poison
             ... on level 4 of the Dungeon.
             The game lasted 00:01:40 (2322 turns).

Faeu the Skirmisher (Minotaur Berserker)            Turns: 2322, Time: 00:01:41

Health: 0/41       AC:  3    Str: 22 (23) XL:     4   Next: 55%
Magic:  3/3        EV: 12    Int:  1 (4)  God:    Trog [**....]
Gold:   90         SH:  0    Dex:  8 (10) Spells: 3/3 levels left

rFire   . . .      SeeInvis .   a - +0 hand axe {axe}
rCold   . . .      Faith    .   (no shield)
rNeg    . . .      Spirit   .   b - +0 animal skin
rPois   .          Reflect  .   (helmet restricted)
rElec   .          Harm     .   (no cloak)
rCorr   .          Rampage  .   e - +0 pair of gloves
Will    .....                   (no boots)
Stlth   +.........              (no amulet)
HPRegen 0.13/turn               (no ring)
MPRegen 0.08/turn               (no ring)

@: lethally poisoned (0 -> -17)
A: horns 2, retaliatory headbutt
a: Renounce Religion, Berserk, Trog's Hand


You were on level 4 of the Dungeon.
You worshipped Trog.
Trog was pleased with you.
You visited 1 branch of the dungeon, and saw 4 of its levels.

You collected 90 gold pieces.


Innate Abilities, Weirdness & Mutations

You have a pair of horns on your head.
You reflexively headbutt those who attack you in melee.


   Skills:
 + Level 4.5 Fighting
 + Level 4.4 Axes
 + Level 3.6 Armour
 + Level 3.2 Dodging


You had 3 spell levels left.
You didn't know any spells.
Your spell library was empty.

Inventory:

Hand Weapons
 a - a +0 hand axe (weapon) {axe}
Armour
 b - a +0 animal skin (worn)
 e - a +0 pair of gloves (worn)
   (You found it on level 1 of the Dungeon)
Scrolls
 f - 3 scrolls of magic mapping {unknown}
 h - a scroll of identify {unknown}
 i - a scroll of brand weapon {unknown}
 m - a scroll of teleportation {unknown}
Potions
 c - a potion of degeneration {!q@e2}
 d - a potion of invisibility {unknown}
 g - a potion of heal wounds {unknown}
 j - a potion of curing {unknown}
 k - 2 potions of flight {unknown}
 l - 2 potions of magic {unknown}
 n - a potion of brilliance {unknown}
 o - a potion of cancellation {unknown}

Dungeon Overview and Level Annotations

Branches:
Dungeon (4/15)
 Temple: D:4-7

Altars:

.........#
.........#
..o......#
o........
.oo......
........#
........#
#########o#
........@o#
.......)#.#
#########.#
#.# #.# ###
#.# #.# ..#
#.# #.# #.#
#.# #.# #.#
#.# #.# #.#
#.# #.#
###.###.###
#.#
......).†.#
#.#


You could see 2 orcs.


Message History

Trog accepts your kill.
You have reached level 4!
You feel agile. 😎 HP[+7] MP[+1]
You now have 41 max hp (+7).
Your mp is fully restored (3).
A quokka comes into view.
Things that are here:
a +0 club {mace}; a goblin corpse A quokka is nearby!
You closely miss the quokka. The quokka completely misses you.
You furiously retaliate!
You headbutt the quokka!
You kill the quokka!
Trog accepts your kill.
You see here a quokka corpse.
An orc comes into view. It is wielding a +0 short sword.
An orc priest and 3 orcs come into view.
An orc is wielding a +0 dagger of venom.
The orc shouts!
The orc priest shouts!
The orc shouts!
The orc priest invokes the aid of Beogh against you.
Beogh smites you!
The orc moves out of view. 😮 HP[-12]
You take 12 damage, and now have 29/41 hp.
MASSIVE DAMAGE!! (PAUSE)
There are monsters nearby!
You are too injured to fight recklessly! 😮 HP[+1]
You hit the orc.
The orc priest hits you with a +0 hand axe.
The orc barely misses you. 😮 HP[-4]
You take 4 damage, and now have 26/41 hp.
You hit the orc priest but do no damage.
You hit the orc. The orc closely misses you. 😮 HP[+1]
You hit the orc. Your headbutt misses the orc. You barely miss the orc priest.
You hit the orc.
You kill the orc!
Trog accepts your kill. The orc misses you. The orc priest barely misses you.
You completely miss the orc priest. You headbutt the orc priest!
You hit the orc.
You kill the orc!
Trog accepts your kill.
The orc priest casts a cantrip, but nothing happens.
You closely miss the orc priest.
The orc priest hits you with a +0 hand axe. 😮 HP[-3]
You take 3 damage, and now have 24/41 hp.
The orc shouts!
You hit the orc priest.
You hear a shout!
The orc priest barely misses you.
You hear a shout!
You closely miss the orc priest.
The orc priest hits you with a +0 hand axe.
* * * LOW HITPOINT WARNING * * *
😨 HP[-5]
You take 5 damage, and now have 19/41 hp.
You closely miss the orc priest. You closely miss the orc.
The orc priest calls down the wrath of Beogh upon you.
Beogh smites you!
* * * LOW HITPOINT WARNING * * *
The orc priest misses you. You furiously retaliate!
You headbutt the orc priest!
You kill the orc priest!
Trog accepts your kill. The orc closely misses you. You furiously retaliate!
You headbutt the orc. 😱 HP[-9]
You take 9 damage, and now have 10/41 hp.
MASSIVE DAMAGE!! (PAUSE)
You hit the orc. 😨 HP[+1]
You barely miss the orc.
You hear the slow hiss of a very distant avalanche of sand.
The orc hits you but does no damage.
You hit the orc.
You kill the orc!
Trog accepts your kill.
You hit the orc but do no damage. You hit the orc but do no damage.
An orc comes into view. It is wielding a +0 club.
The orc hits you with a +0 dagger of venom.
* * * LOW HITPOINT WARNING * * *
You are lethally poisoned! 😱 HP[-1]
You take 1 damage, and now have 10/41 hp.
You closely miss the orc. You barely miss the orc.
* * * LOW HITPOINT WARNING * * *
You feel very sick. The orc hits you with a +0 club.
* * * LOW HITPOINT WARNING * * *
The orc hits you with a +0 dagger of venom.
* * * LOW HITPOINT WARNING * * *
You are more poisoned. 😱 HP[-6]
You take 6 damage, and now have 4/41 hp.
It was a potion of degeneration.
There was something very wrong with that liquid.
You feel weakened.
You feel dopey.
You feel clumsy.
You die...

Skill      XL: |  1  2  3 |
---------------+----------+-----
Axes           | 4 |  4.4
Fighting       | 4 |  4.5
Armour         | 3 |  3.6
Dodging        | 3 |  3.2

Action                   |  1- 3 |  4- 6 || total
-------------------------+-------+-------++-------
Melee: Hand axe          |    84 |    14 ||    98
       Headbutt          |    12 |     1 ||    13
       Punch             |     1 |       ||     1
  Use: Potion            |       |     1 ||     1
Armor: Animal skin       |    18 |     1 ||    19
Dodge: Dodged            |    63 |     8 ||    71

Levels and vault maps discovered:
D:1:      lemuel_arrival_rhombus, layout_loops_ring,
          ebering_ecumenical_altar_webs, nrook_campfire, minmay_unequal
D:2:      layout_basic
D:3:      layout_basic
D:4:      cheibrodos_pilgrimage, layout_loops_ring, enter_ossuary_2,
          uniq_grinder

Notes
Turn   | Place    | Note
-------+----------+-------------------------------------------
     0 | D:1      | Faeu the Minotaur Berserker began the quest for the Orb.
     0 | D:1      | Reached XP level 1. HP: 19/19 MP: 0/0
     0 | D:1      | magus.rc [v1.9.6]
   176 | D:1      | Found a faded altar of an unknown god.
   212 | D:1      | Reached XP level 2. HP: 26/27 MP: 1/1
   877 | D:2      | Reached skill level 4 in Axes
   922 | D:2      | Reached skill level 4 in Fighting
   929 | D:2      | Reached skill level 3 in Armour
   983 | D:2      | Reached ** piety under Trog
  1219 | D:2      | Reached XP level 3. HP: 33/33 MP: 2/2
  1803 | D:3      | Reached skill level 3 in Dodging
  2275 | D:4      | Reached XP level 4. HP: 41/41 MP: 3/3
  2316 | D:4      | HP: 10/41 [orc priest/divine providence (9)]
  2321 | D:4      | HP: 7/41 [poisoned by an orc]
  2322 | D:4      | Succumbed to an orc's poison

Vanquished Creatures
  An orc priest (D:4)
  An adder (D:3)
  A worm (D:3)
  A dart slug (D:2)
  4 orcs
  5 ball pythons
  7 bats
  3 endoplasms
  3 giant cockroaches
  5 goblins
  4 hobgoblins
  A jackal (D:1)
  3 quokkas
  5 frilled lizards
  4 kobolds
  5 rats
53 creatures vanquished.

Table legend:
 A = Non-vault XP
 B = Vault XP
 C = Vault XP percentage of total XP
 D = Non-vault monster count
 E = Vault monster count
 F = Vault count percentage of total count
                 A         B        C        D         E       F
            +---------+---------+-------+---------+---------+-------
      Total |      94 |      58 |  38.2 |      46 |       7 |  13.2
            +---------+---------+-------+---------+---------+-------
        D:1 |      21 |       6 |  22.2 |      13 |       3 |  18.8
        D:2 |      33 |       0 |   0.0 |      19 |       0 |   0.0
        D:3 |      34 |       0 |   0.0 |      11 |       0 |   0.0
        D:4 |       6 |      52 |  89.7 |       3 |       4 |  57.1
            +---------+---------+-------+---------+---------+-------

Illustrated notes

Table legend:
 A = Kills in this place as a percentage of kills in entire the game.
 B = Kills by you in this place as a percentage of kills by you in the entire game.
 C = Kills by friends in this place as a percentage of kills by friends in the entire game.
 D = Other kills in this place as a percentage of other kills in the entire game.
 E = Experience gained in this place as a percentage of experience gained in the entire game.
 F = Experience gained in this place divided by the number of levels of this place that you have seen.
                   A       B       C       D       E      F
               +-------+-------+-------+-------+-------+----------------------
         Total | 100.0 | 100.0 |   N/A |   N/A | 100.0 |  38.0
       Dungeon | 100.0 | 100.0 |   N/A |   N/A | 100.0 |  38.0
               +-------+-------+-------+-------+-------+----------------------

Table legend: (Time is in decaauts)
 A = Elapsed time spent in this place.
 B = Non-inter-level travel time spent in this place.
 C = Inter-level travel time spent in this place.
 D = Time resting spent in this place.
 E = Time spent auto-exploring this place.
 F = Levels seen in this place.
 G = Mean time per level.
                   A        B        C        D        E       F      G
               +--------+--------+--------+--------+--------+-----+--------+
         Total |   2331 |   2281 |     50 |      0 |   2007 |   4 |  582.8 |
       Dungeon |   2331 |   2281 |     50 |      0 |   2007 |   4 |  582.8 |
               +--------+--------+--------+--------+--------+-----+--------+

Top non-repeatable levels by time:
     D:1: 826 daAuts
     D:3: 801 daAuts
     D:2: 649 daAuts
     D:4: 54 daAuts
